 Dungeon Crawl Stone Soup version 0.30-a0-936-ge0d47acfc0 (webtiles) character file.

Game seed: 3625105941221473433

2044 112233 the Geomancer (level 9, -7/50 (51) HPs)
             Began as an Octopode Earth Elementalist on Mar 24, 2023.
             Killed from afar by a white imp (9 damage)
             ... with a puff of frost
             ... on level 6 of the Dungeon.
             The game lasted 00:06:59 (6754 turns).

112233 the Geomancer (Octopode Earth Elementalist)  Turns: 6754, Time: 00:06:59

HP:   -7/50 (51)    AC:  1    Str:  8    XL:     9   Next: 24%
MP:   0/21          EV: 13    Int: 21    God:
Gold: 331           SH:  0    Dex: 12    Spells: 18/24 levels left

rFire   + . .      SeeInvis .    f - +0 hand axe (freeze)
rCold   . . .      Faith    .    (no shield)
rNeg    . . .      Spirit   .    (helmet restricted)
rPois   .          Reflect  .    (no amulet)
rElec   .          Rampage  .    m - ring of willpower
rCorr   .                        y - ring of protection from fire
Will    +....                    (no ring)
Stlth   +++                      (no ring)
HPRegen 0.28/turn                (no ring)
MPRegen 0.17/turn                (no ring)
                                 (no ring)
                                 (no ring)

@: lightly drained, invisible
A: almost no armour, amphibious, 8 rings, camouflage 1, gelatinous body 1,
(nimble swimmer 1), tentacles
a: no special abilities


You were on level 6 of the Dungeon.
You visited 1 branch of the dungeon, and saw 6 of its levels.
You also visited: Ossuary.

You collected 331 gold pieces.

Inventory:

Hand Weapons
 f - a +0 hand axe of freezing (weapon)
 p - a +0 battleaxe of venom
 t - a +2 dagger of venom
Jewellery
 m - a ring of willpower (left tentacle)
 y - a ring of protection from fire (right tentacle)
Wands
 B - a wand of iceblast (12)
Scrolls
 b - a scroll of magic mapping
 c - 2 scrolls of identify
 d - 4 scrolls of teleportation
 e - 2 scrolls of amnesia
 h - a scroll of noise
 k - a scroll of enchant armour
 l - a scroll of blinking
 n - a scroll of poison
 o - a scroll of brand weapon
 w - 3 scrolls of fog {unknown}
Potions
 a - 2 potions of magic
 g - 2 potions of attraction
 i - 2 potions of brilliance
 q - 5 potions of degeneration
 r - 2 potions of flight
 s - 2 potions of resistance
 u - a potion of lignification {unknown}
 v - a potion of berserk rage {unknown}
 z - 2 potions of might
 A - a potion of curing {unknown}


   Skills:
 - Level 2.1 Dodging
 - Level 2.9 Stealth
 + Level 8.3 Spellcasting
 - Level 1.1 Transmutations
 + Level 8.4 Earth Magic


You had 18 spell levels left.
You knew the following spells:

 Your Spells              Type           Power      Damage    Failure   Level
a - Sandblast             Erth           88%        2d18      1%          1
b - Stone Arrow           Conj/Erth      52%        3d10      4%          3
c - Passwall              Tmut/Erth      24%        N/A       1%          2

Your spell library contained the following spells:

 Spells                   Type           Power      Damage    Failure   Level
 Freeze                   Ice            32%        1d5       8%          1
 Magic Dart               Conj           32%        1d4       8%          1
 Petrify                  Tmut/Erth      29%        N/A       11%         4
 Ensorcelled Hibernation  Hex/Ice        16%        N/A       12%         2
 Lesser Beckoning         Tloc           16%        N/A       12%         2
 Searing Ray              Conj           16%        2d5       12%         2
 Frozen Ramparts          Ice            16%        1d3       22%         3
 Gell's Gravitas          Tloc           8%         N/A       22%         3
 Hailstorm                Conj/Ice       8%         3d4       22%         3
 Swiftness                Air            8%         N/A       22%         3
 Teleport Other           Tloc           8%         N/A       22%         3
 Fulminant Prism          Conj/Hex       4%         3d5       58%         4
 Iskenderun's Battlesphe  Conj           8%         2d6       91%         5
 Iron Shot                Conj/Erth      13%        9d3       91%         6
 Spellforged Servitor     Conj/Summ      4%         N/A       100%        7


Dungeon Overview and Level Annotations

Branches:
Dungeon (6/15)            Ossuary (visited)
 Temple: D:4-7

Altars:
Yredelemnul

Shops:
D:5 =


Innate Abilities, Weirdness & Mutations

You cannot wear most types of armour.
You are amphibious.
You can wear up to eight rings at the same time.
Your skin changes colour to match your surroundings (Stealth+).
Your rubbery body absorbs attacks. (AC +1, EV +1)
((You are camouflaged when in or above water. (Stealth+)))
You have tentacles for arms and can constrict up to eight enemies at once.


Message History

Unknown command.
You hit the wight but do no damage.
The wight is severely damaged.
You constrict the wight. The wight hits you with a +0 war axe!
The white imp gestures at you. The puff of frost misses you.
The puff of frost hits the wight.
The wight resists.
The wight hits you with a +0 war axe!
You feel drained.
Unknown command.
You hit the wight.
The wight is almost destroyed.
You constrict the wight. The wight hits you with a +0 war axe.
Unknown command.
Casting: Sandblast (safe; 1% risk of failure)
Confirm with . or Enter, or press ? or * to list all spells.
Aiming: Sandblast (safe; 1% risk of failure)
Press: ? - help, Shift-Dir - straight line, f/p - wight
Aim: a wight, wielding a +0 war axe and wearing a +0 robe (almost destroyed, constricted by you, 100% to hit)
The blast of sand hits the wight.
You destroy the wight!
Unknown command.
Casting: Sandblast (safe; 1% risk of failure)
Confirm with . or Enter, or press ? or * to list all spells.
Aiming: Sandblast (safe; 1% risk of failure)
Press: ? - help, Shift-Dir - straight line, f - white imp
Aim: a white imp (85% to hit)
The blast of sand misses the white imp.
The white imp gestures at you. The puff of frost hits you!
* * * LOW HITPOINT WARNING * * *
It was a potion of cancellation.
You feel magically purged. The white imp hits you.
* * * LOW HITPOINT WARNING * * *
The white imp freezes you.
* * * LOW HITPOINT WARNING * * *
Unknown command.
It was a potion of invisibility.
You fade into invisibility!
The white imp gestures at you. The puff of frost hits you!
You die...

## ####### .. #.....#
..#######.....#
..#...........###
..+..............
..#.......##############
.z'.....)......)@5......
###.......#..###########
#.......##'######
#...............#
#...............#
#....###........# #....#
#........# ######
#........## #.........#


You could see a white imp (unable to see you).

Vanquished Creatures
  An ice beast (D:6)
  4 black bears
  2 ogres (D:4)
  A centaur (D:5)
  A bullfrog (D:4)
  An elf zombie (Ossuary)
  A gnoll sergeant (D:5)
  8 wights (D:6)
  2 centaur zombies
  A hound (D:6)
  A jelly (D:6)
  2 sleepcaps
  2 human zombies (Ossuary)
  An iguana (D:5)
  Natasha (twice) (D:2)
  3 orc wizards
  A scorpion zombie (D:3)
  A killer bee zombie (D:5)
  2 mummies (Ossuary)
  Robin (D:3)
  8 gnolls
  6 adders
  A shadow imp (D:5)
  A white imp (D:6)
  2 adder zombies (Ossuary)
  An adder skeleton (D:3)
  2 dart slugs
  7 orcs
  4 ball pythons
  2 bats (D:3)
  8 endoplasms
  4 giant cockroaches
  13 goblins
  13 hobgoblins
  6 jackals (D:3)
  A ball python zombie (D:3)
  5 frilled lizards
  3 goblin zombies (Ossuary)
  12 hobgoblin zombies (Ossuary)
  7 kobolds
  6 kobold zombies (Ossuary)
  9 orc zombies (Ossuary)
  7 rats
166 creatures vanquished.

Vanquished Creatures (others)
  3 withered plants (D:3)
3 creatures vanquished.

Grand Total: 169 creatures vanquished

Notes
Turn   | Place    | Note
-------+----------+-------------------------------------------
     0 | D:1      | 112233 the Octopode Earth Elementalist began the quest for
                  | the Orb.
     0 | D:1      | Reached XP level 1. HP: 11/11 MP: 3/3
   151 | D:1      | Reached XP level 2. HP: 16/17 MP: 0/5
   212 | D:1      | You fall into a shaft and drop 1 floor!
   486 | D:2      | Reached XP level 3. HP: 17/21 MP: 4/7
   540 | D:2      | Noticed Natasha
   545 | D:2      | Killed Natasha
   682 | D:2      | Noticed Natasha
   687 | D:2      | Killed Natasha
   688 | D:2      | Reached XP level 4. HP: 17/27 MP: 5/9
  1662 | D:3      | Noticed a black bear
  1676 | D:4      | Found a sand-covered staircase.
  1680 | D:4      | Reached XP level 5. HP: 31/31 MP: 7/11
  1693 | Ossuary  | Entered an ossuary
  2135 | Ossuary  | Reached XP level 6. HP: 27/36 MP: 4/13
  2232 | Ossuary  | Reached skill level 5 in Spellcasting
  2436 | Ossuary  | Learned a level 3 spell: Stone Arrow
  2439 | Ossuary  | Learned a level 2 spell: Passwall
  2463 | D:3      | Killed a black bear
  2832 | D:3      | Reached XP level 7. HP: 38/41 MP: 8/15
  2943 | D:3      | Reached skill level 5 in Earth Magic
  3113 | D:4      | Noticed Robin
  3305 | D:3      | Killed Robin
  4394 | D:5      | Entered Level 5 of the Dungeon
  4400 | D:5      | Reached XP level 8. HP: 46/46 MP: 10/17
  4446 | D:5      | Found Xomoag's Jewellery Boutique.
  6046 | D:5      | Found a basalt altar of Yredelemnul.
  6445 | D:6      | Reached XP level 9. HP: 51/51 MP: 16/20
  6753 | D:6      | HP: 1/50 [white imp (4)]
  6754 | D:6      | Killed from afar by a white imp

Illustrated notes

Levels and vault maps discovered:
D:1:      wander_arrival_peaceful_grave, layout_basic
D:2:      layout_rooms, uniq_natasha
D:3:      layout_loops_ring, serial_undead, serial_undead_a, serial_undead_a,
          serial_undead_c, serial_undead_f, serial_undead_f
D:4:      layout_loops_ring, enter_ossuary_1, uniq_robin
D:5:      layout_cave_pods, lemuel_zombie_altar_yredelemnul, serial_shops,
          shop_statue, minmay_misc_feat_doors
D:6:      layout_basic, temple_doors_e

Skill      XL: |  1  2  3  4  5  6  7  8  9 |
---------------+----------------------------+-----
Spellcasting   | 3 4 5 6 7 8 |  8.3
Earth Magic    | 4 6 7 8 |  8.4
Dodging        | |  2.1
Stealth        | |  2.9
Transmutations | |  1.1

Action                     |  1- 3 |  4- 6 |  7- 9 || total
---------------------------+-------+-------+-------++-------
  Melee: Unarmed           |    10 |       |       ||    10
         Tentacles         |     4 |     3 |     3 ||    10
         Constrict         |     3 |     2 |     3 ||     8
         Hand axe          |     4 |    11 |    10 ||    25
   Cast: Sandblast         |    27 |   124 |    77 ||   228
         Stone Arrow       |       |     2 |    50 ||    52
  Evoke: Wand              |       |       |     1 ||     1
    Use: Scroll            |       |       |    13 ||    13
         Potion            |       |       |     3 ||     3
   Stab: Sleeping          |     1 |     1 |       ||     2
 Armour: Skin              |     1 |     7 |     4 ||    12
  Dodge: Dodged            |    17 |    51 |    43 ||   111

Table legend: (Time is in decaauts)
 A = Elapsed time spent in this place.
 B = Non-inter-level travel time spent in this place.
 C = Inter-level travel time spent in this place.
 D = Time resting spent in this place.
 E = Time spent auto-exploring this place.
 F = Levels seen in this place.
 G = Mean time per level.
                   A        B        C        D        E       F      G
               +--------+--------+--------+--------+--------+-----+--------+
         Total |   6889 |   6724 |    165 |    947 |   4830 |   7 |  984.1 |
       Dungeon |   6095 |   5930 |    165 |    947 |   4211 |   6 | 1015.8 |
       Ossuary |    794 |    794 |      0 |      0 |    619 |   1 |  794.0 |
               +--------+--------+--------+--------+--------+-----+--------+

Top non-repeatable levels by time:
     D:4: 1495 daAuts
     D:5: 1327 daAuts
     D:3: 1193 daAuts
 Ossuary: 794 daAuts
     D:2: 709 daAuts
     D:1: 705 daAuts
     D:6: 664 daAuts
